 Dungeon Sprint DCSS version 0.19.0-24-gb05acd6 (webtiles) character file.

454 equalderp2856 the Covert (level 6, -15/33 HPs)
             Began as a Felid Fighter on Nov 21, 2016.
             Shot with an arrow by a centaur warrior (19 damage)
             ... in the Dungeon (Sprint I: "Red Sonja").
             The game lasted 00:03:58 (773 turns).

equalderp2856 the Covert (Felid Fighter)             Turns: 773, Time: 00:03:58

Health: -15/33     AC:  2    Str: 13    XL:     6   Next: 76%
Magic:  7/7        EV: 26    Int: 10    God:
Gold:   503        SH:  0    Dex: 16    Spells: 0 memorised, 5 levels left
                                        Lives:  0   Deaths: 2

rFire  . . .     SeeInvis +       - Unarmed
rCold  . . .     Gourm    .     (armour unavailable)
rNeg   . . .     Faith    .     (shield unavailable)
rPois  .         Spirit   .     (helmet unavailable)
rElec  .         Reflect  .     (cloak unavailable)
rCorr  .         Harm     .     (gloves unavailable)
MR     .....     NoTele   +     (boots unavailable)
Stlth  ++++++....               (no amulet)
                                (no ring)
                                (no ring)

@: quick
A: no armour, no weapons or thrown items, stealth, claws 1, fangs 3, see
invisible, carnivore 3, speed 1, shaggy fur 2, slow metabolism 1, sharp paws
a: no special abilities


You were in the Dungeon.
You were not hungry.

You visited 1 branch You collected 549 gold pieces.
You spent 46 gold pieces at shops.

Inventory:

Wands
 k - a wand of iceblast (5/15)
Scrolls
 h - a scroll of blinking
 i - a scroll of identify
Potions
 c - a potion of curing
 d - a potion of heal wounds
 e - a potion of haste
 f - 2 potions of magic
 j - a potion of resistance
Comestibles
 b - a meat ration


   Skills:
 + Level 7.9 Fighting
 + Level 10.3 Dodging
 * Level 13.9 Stealth
 + Level 13.5 Unarmed Combat


You had 5 spell levels left.
You didn't know any spells.

Dungeon Overview and Level Annotations

Branches:
Dungeon (1/1)

Altars:
Cheibriados
Dithmenos
Elyvilon
Fedhas
Gozag
Hepliaklqana
Kikubaaqudgha
Makhleb
Nemelex Xobeh
Okawaru
Qazlal
Ru
Sif Muna
Trog
Uskayaw
Vehumet
Xom
Yredelemnul
Zin
The Shining One
Jiyva
Lugonu

Shops:
D [*[


Innate Abilities, Weirdness & Mutations

You cannot wear armour.
You are incapable of wielding weapons or throwing items.
Your paws allow you to move quietly. (Stealth)
You have sharp claws.
You have razor-sharp teeth.
You have supernaturally acute eyesight. (SInv)
You are carnivorous and can eat meat at any time.
You cover ground quickly.
You are covered in thick fur. (AC +2)
You have a slow metabolism.
Your sharp claws are effective at attacking unaware monsters.


Message History

You feel very mighty all of a sudden. The centaur warrior hits you!
You die...
The centaur warrior hits you.
You are now level 6!
You rejoin the land of the living...
There is an open door here.
There is a deep blue altar of Sif Muna here.
There is an open door here.
The centaur warrior shoots an arrow.
The arrow barely misses you.
The centaur warrior shoots an arrow.
The arrow hits you!
You see here an arrow.
The centaur warrior shoots an arrow.
The arrow hits you!!
Ouch! That really hurt!
* * * LOW HITPOINT WARNING * * *
There is an open door, spattered with blood here.
You see here an arrow.
The centaur warrior shoots an arrow.
The arrow hits you!!
Ouch! That really hurt!
You die...

#..#####'#####'#__##
#..####..#...#.####§§#
#..#__####..##.#§≈§§c#
#..#_____##'#§.'§≈§§.+
#⌠⌠#_.∩...'..._#§§c§§#
####_..__##_.#'##c####
#_____###'#.#(.).###
############.####(###(##
#∩........'(.((@(.cc(.∩#
###++++####.).##########
##.## #+#


You could see 2 centaur warriors.

Vanquished Creatures
  Sonja (D)
  A deep troll (D)
  A slime creature (D)
  Sigmund (D)
  A yak (D)
  An ogre (D)
  A jelly (D)
  Ijyb (D)
8 creatures vanquished.

Notes
Turn   | Place    | Note
-------+----------+-------------------------------------------
     0 | D        | equalderp2856 the Felid Fighter began the quest for the Orb.
     0 | D        | Reached XP level 1. HP: 10/10 MP: 2/2
     2 | D        | Noticed Ijyb
    12 | D        | Killed Ijyb
    12 | D        | Reached skill level 5 in Unarmed Combat
    12 | D        | Reached XP level 2. HP: 10/15 MP: 3/3
    95 | D        | Noticed an ogre
    99 | D        | Killed an ogre
    99 | D        | Reached skill level 5 in Stealth
    99 | D        | Reached XP level 3. HP: 18/18 MP: 4/4
    99 | D        | Reached XP level 4. HP: 22/22 MP: 5/5
   111 | D        | Noticed Sigmund
   119 | D        | Killed Sigmund
   119 | D        | Reached skill level 5 in Fighting
   119 | D        | Reached XP level 5. HP: 14/27 MP: 6/6
   119 | D        | Gained mutation: You are covered in thick fur. (AC +2) [Felid growth]
   119 | D        | Reached XP level 6. HP: 16/31 MP: 7/7
   279 | D        | Found a burning altar of Makhleb.
   279 | D        | Found a viscous altar of Jiyva.
   279 | D        | Found a shimmering altar of Xom.
   279 | D        | Found a corrupted altar of Lugonu.
   279 | D        | Noticed a slime creature
   282 | D        | Killed a slime creature
   389 | D        | Found a deep blue altar of Sif Muna.
   391 | D        | Found a radiant altar of Vehumet.
   436 | D        | Found Aruph's Assorted Antiques.
   436 | D        | Found an ancient bone altar of Kikubaaqudgha.
   436 | D        | Found a hazy altar of Hepliaklqana.
   436 | D        | Found a stormy altar of Qazlal.
   436 | D        | Found a hide-covered altar of Uskayaw.
   436 | D        | Found a blossoming altar of Fedhas.
   436 | D        | Found a bloodstained altar of Trog.
   436 | D        | Found an iron altar of Okawaru.
   436 | D        | Found a basalt altar of Yredelemnul.
   436 | D        | Found a glowing golden altar of the Shining One.
   436 | D        | Found a snail-covered altar of Cheibriados.
   436 | D        | Found a sacrificial altar of Ru.
   436 | D        | Found a glowing silver altar of Zin.
   436 | D        | Found a shadowy altar of Dithmenos.
   436 | D        | Found a white marble altar of Elyvilon.
   436 | D        | Noticed a yak
   437 | D        | Found an opulent altar of Gozag.
   438 | D        | Killed a yak
   438 | D        | Reached skill level 10 in Stealth
   438 | D        | Reached XP level 7. HP: 35/35 MP: 8/8
   439 | D        | Found a sparkling altar of Nemelex Xobeh.
   455 | D        | Noticed a centaur warrior
   455 | D        | Noticed a centaur warrior
   461 | D        | Noticed a deep troll
   463 | D        | Killed a deep troll
   463 | D        | Reached XP level 8. HP: 40/40 MP: 9/9
   490 | D        | Noticed Sonja
   493 | D        | Killed Sonja
   493 | D        | Reached skill level 10 in Dodging
   510 | D        | Found Jaxzik's Armour Boutique.
   545 | D        | Found Ymicur's Armour Emporium.
   723 | D        | Bought a scroll labeled NIMUEV INWAEGHA for 23 gold pieces
   723 | D        | Bought a scroll labeled NIMUEV INWAEGHA for 23 gold pieces
   747 | D        | Shot with an arrow by a centaur warrior
   748 | D        | Reached XP level 7. HP: -1/36 MP: 8/8
   761 | D        | HP: 1/36 [centaur warrior (3)]
   762 | D        | Demolished by a centaur warrior
   763 | D        | Reached XP level 6. HP: -15/33 MP: 7/7
   773 | D        | Shot with an arrow by a centaur warrior

Skill      XL: |  1  2  3  4  5  6  7  8 |
---------------+-------------------------+-----
Stealth        | 3 5 7 10 12 13 | 13.9
Unarmed Combat | 5 7 9 11 12 13 | 13.5
Fighting       | 4 5 6 7 |  7.9
Dodging        | 6 7 9 10 | 10.3

Action                   |  1- 3 |  4- 6 |  7- 9 || total
-------------------------+-------+-------+-------++-------
Melee: Unarmed           |    10 |     9 |     6 ||    25
       Bite              |       |       |     2 ||     2
       Punch             |       |       |     1 ||     1
  Use: Potion            |       |       |     2 ||     2
       Scroll            |       |       |     2 ||     2
 Stab: Sleeping          |     2 |     3 |     2 ||     7
  Eat: Chunk             |       |       |     1 ||     1
Dodge: Dodged            |     5 |     4 |    11 ||    20
